 Dungeon Crawl Stone Soup version 0.21-a0-516-gaaff437 (webtiles) character file.

1481 theanonym the Martial Artist (level 8, 0/50 HPs)
             Began as an Octopode Gladiator on Dec 3, 2017.
             Was a Follower of Cheibriados.
             Slain by an ice beast (13 damage)
             ... on level 7 of the Dungeon.
             The game lasted 00:13:57 (7086 turns).

theanonym the Martial Artist (Octopode Gladiator)   Turns: 7086, Time: 00:13:58

Health: 0/50       AC:  1    Str: 16    XL:     8   Next: 79%
Magic:  8/8        EV: 15    Int: 14    God:    Cheibriados [*.....]
Gold:   268        SH:  0    Dex: 18    Spells: 7/7 levels left

rFire    + + .     SeeInvis .     - Unarmed
rCold    . . .     Gourm    .   (no shield)
rNeg     . . .     Faith    .   a - +0 hat
rPois    .         Spirit   .   i - amulet of magic regeneration
rElec    .         Reflect  .   n - ring of resist corrosion
rCorr    +         Harm     .   u - ring of protection from fire {rF+}
MR       .....                  (no ring)
Stlth    +++++.....             w - ring of protection from fire {rF+}
HPRegen  0.16/turn              (no ring)
MPRegen  0.36/turn              (no ring)
                                (no ring)
                                (no ring)

@: very slow
A: almost no armour, stealthy swim, amphibious, 8 rings, constrict 8, camouflage
1, gelatinous body 1
a: Bend Time, Renounce Religion


Innate Abilities, Weirdness & Mutations

You cannot wear most types of armour.
You are very stealthy in the water. (Stealth+)
You are amphibious.
You can wear up to eight rings at the same time.
You can use your tentacles to constrict eight enemies at once.
Your skin changes colour to match your surroundings (Stealth+).
Your rubbery body absorbs attacks. (AC +1, EV +1)


   Skills:
 - Level 2.0 Fighting
 - Level 2.0 Throwing
 - Level 3.0 Dodging
 * Level 8.3 Stealth
 + Level 9.3 Unarmed Combat
 - Level 0.6 Evocations


You had 7 spell levels left.
You didn't know any spells.

Skill      XL: |  1  2  3  4  5  6  7  8 |
---------------+-------------------------+-----
Unarmed Combat | 4 5 7 8 9 |  9.3
Stealth        | 1 5 8 |  8.3
Fighting       | |  2.0
Throwing       | |  2.0
Dodging        | |  3.0
Evocations     | |  0.6

Action                   |  1- 3 |  4- 6 |  7- 9 || total
-------------------------+-------+-------+-------++-------
Melee: Unarmed           |    69 |    91 |   157 ||   317
       Constrict         |    23 |    20 |    36 ||    79
       Tentacles         |    16 |    16 |    36 ||    68
       Punch             |     3 |     2 |    21 ||    26
Throw: Throwing net      |     3 |     3 |       ||     6
Evoke: Wand              |       |       |     2 ||     2
  Use: Scroll            |     2 |     4 |     8 ||    14
       Potion            |       |       |     2 ||     2
 Stab: Sleeping          |     6 |     2 |    15 ||    23
       Held in net/web   |       |     3 |       ||     3
  Eat: Chunk             |     1 |     5 |     8 ||    14
       Royal jelly       |       |       |     2 ||     2
Armor: Skin              |     4 |    13 |     7 ||    24
Dodge: Dodged            |    41 |    56 |    77 ||   174

Inventory:

Armour
 a - a +0 hat (worn)
Jewellery
 i - an amulet of magic regeneration (around mantle)
   (You found it on level 1 of the Dungeon)
 n - a ring of resist corrosion (left tentacle)
   (You found it on level 1 of the Dungeon)
 p - an uncursed ring of ice {rC+, rF-}
   (You found it on level 2 of the Dungeon)
 s - an uncursed ring of fire {rF+, rC-}
   (You found it on level 2 of the Dungeon)
 u - a ring of protection from fire (right tentacle) {rF+}
   (You found it on level 5 of the Dungeon)
 w - a ring of protection from fire (on tentacle) {rF+}
   (You found it on level 2 of the Dungeon)
Wands
 c - a wand of iceblast (3)
   (You took it off Ijyb on level 3 of the Dungeon)
 h - a wand of paralysis (14)
   (You found it on level 6 of the Dungeon)
 v - a wand of polymorph (8)
   (You took it off Robin on level 2 of the Dungeon)
Scrolls
 b - a scroll of amnesia
 r - a scroll of remove curse
 t - 2 scrolls of teleportation {!r}
Potions
 d - 2 potions of degeneration
 f - 4 potions of cancellation
 j - 3 potions of ambrosia
 k - 2 potions of curing {unknown}
 l - a potion of haste
 o - a potion of magic {unknown}
 q - 2 potions of heal wounds
 x - a potion of berserk rage {unknown}
 y - 2 potions of mutation
 z - 2 potions of brilliance {unknown}
 A - 2 potions of agility {unknown}
 B - a potion of resistance {unknown}
Books
 D - a book of Changes
   (You found it on level 6 of the Dungeon)

   Spells                             Type                      Level
   a - Beastly Appendage              Transmutation                1
   b - Sticks to Snakes               Transmutation                2
   c - Spider Form                    Transmutation/Poison         3
   d - Ice Form                       Ice/Transmutation            4
   e - Blade Hands                    Transmutation                5
Comestibles
 e - 2 royal jellies
 g - 3 bread rations
 m - 7 meat rations

Dungeon Overview and Level Annotations

Branches:
Dungeon (7/15)             Temple (1/1) D:5

Altars:
Cheibriados
Dithmenos
Gozag
Hepliaklqana
Kikubaaqudgha
Makhleb
Nemelex Xobeh
Qazlal
Ru
Sif Muna
Trog
Uskayaw
Xom
Zin
The Shining One

Shops:
D:4 [*}


You were on level 7 of the Dungeon.
You worshipped Cheibriados.
Cheibriados was aware of your devotion.
You were not hungry.

You visited 2 branches of the dungeon, and saw 8 of its levels.

You collected 268 gold pieces.


Message History

An iguana is nearby!
The iguana bites you. x2
You take 8 damage, and have 42/50 hp.
You tentacle-slap the iguana. Your grab misses the iguana.
You tentacle-slap the iguana but do no damage.
You grab the iguana.
You tentacle-slap the iguana, but do no damage.
You squeeze the iguana. You constrict the iguana. The iguana bites you.
You take 6 damage, and have 36/50 hp.
You bludgeon the iguana!
You kill the iguana!
Cheibriados appreciates the change of pace.
No target in view!
No target in view!
You start resting.
Health restored: 50 You butcher the iguana corpse.
C - 3 chunks of flesh Eating one of 3 chunks of flesh.
You eat one of the 3 chunks of flesh.
You open the door.
There is an open door here.
There is an open door here.
Done exploring.
Done exploring.
Done exploring.
Done exploring.
Done exploring.
There is a fountain of sparkling water here.
You open the door.
There is an open door here.
There is an open door here.
There is a stone staircase leading down here.
You climb downwards.
You hear the hiss of flowing sand.
There is an entrance to an ossuary on this level.
Hurry and find it before the portal is buried!
There is a stone staircase leading up here.
Unknown command.
Found a stone staircase leading down.
Okay, then.
Unknown command.
A bullfrog zombie comes into view.
You bludgeon the bullfrog zombie! You grab the bullfrog zombie.
You squeeze the bullfrog zombie! You constrict the bullfrog zombie.
The bullfrog zombie completely misses you.
The bullfrog zombie hits you.
You take 2 damage, and have 48/50 hp.
You tentacle-slap the bullfrog zombie. You constrict the bullfrog zombie.
The bullfrog zombie hits you.
You take 3 damage, and have 45/50 hp.
You tentacle-slap the bullfrog zombie. You constrict the bullfrog zombie.
The bullfrog zombie hits you.
You take 2 damage, and have 43/50 hp.
You tentacle-slap the bullfrog zombie but do no damage.
You squeeze the bullfrog zombie.
You destroy the bullfrog zombie!
Cheibriados thoroughly appreciates the change of pace.
Cheibriados raises the support of your attributes as your movement slows.
You start resting.
All of the chunks of flesh in your inventory have rotted away.
You hear the slow hiss of a distant avalanche of sand.
You regained 6 hp, and now have 49/50 hp.
An ice beast comes into view.
Health restored: 50 An ice beast is nearby!
Found a scroll of identify.
The helpless ice beast fails to defend itself.
You tentacle-slap the ice beast. The ice beast hits you.
The ice beast freezes you!
You take 13 damage, and have 37/50 hp.
MASSIVE DAMAGE!!
You bludgeon the ice beast!
You tentacle-slap the ice beast, but do no damage.
Your squeeze misses the ice beast. The ice beast closely misses you.
You tentacle-slap the ice beast. x2; The ice beast hits you.
The ice beast freezes you!
* * * LOW HITPOINT WARNING * * *
You take 16 damage, and have 21/50 hp.
MASSIVE DAMAGE!!
You are too injured to fight recklessly!
You are too injured to fight recklessly!
You are too injured to fight recklessly!
You are too injured to fight recklessly!
You bludgeon the ice beast! You barely miss the ice beast.
You tentacle-slap the ice beast. Your squeeze misses the ice beast.
The ice beast closely misses you.
You closely miss the ice beast. Your squeeze misses the ice beast.
The ice beast closely misses you.
You barely miss the ice beast.
Your tentacle-slap misses the ice beast.
Your squeeze misses the ice beast. The ice beast closely misses you.
You tentacle-slap the ice beast but do no damage.
Your tentacle-slap misses the ice beast.
Your squeeze misses the ice beast. The ice beast hits you.
* * * LOW HITPOINT WARNING * * *
The ice beast freezes you.
* * * LOW HITPOINT WARNING * * *
You take 8 damage, and have 14/50 hp.
You tentacle-slap the ice beast but do no damage.
The ice beast hits you.
* * * LOW HITPOINT WARNING * * *
The ice beast freezes you!
You die...

......# ### .....#
....#....#
....#....#
.........# ##
.........+ .#
......Y..#####.#
.......@.......#
...........##..##
.#..............##
.............>...#
.................#
.........#.......#
.........#####.###
...?###... #...#
.. #.. #.#.#


You could see an ice beast.

Notes
Turn   | Place    | Note
-------+----------+-------------------------------------------
     0 | D:1      | theanonym the Octopode Gladiator began the quest for the Orb.
     0 | D:1      | Reached XP level 1. HP: 14/14 MP: 1/1
    22 | D:1      | HP: 7/14 [kobold/short sword (4)]
   276 | D:1      | Reached XP level 2. HP: 19/19 MP: 2/2
   796 | D:1      | Reached skill level 4 in Unarmed Combat
   873 | D:1      | Reached XP level 3. HP: 23/24 MP: 3/3
  1090 | D:2      | Noticed Robin
  1370 | D:2      | Found an opulent altar of Gozag.
  1378 | D:2      | Noticed Terence
  1431 | D:2      | Killed Terence
  1431 | D:2      | Reached XP level 4. HP: 26/29 MP: 4/4
  1611 | D:2      | Reached skill level 5 in Unarmed Combat
  1621 | D:2      | Killed Robin
  2096 | D:2      | Reached XP level 5. HP: 34/34 MP: 5/5
  2246 | D:3      | Noticed Natasha
  2252 | D:3      | Killed Natasha
  2341 | D:3      | Noticed Sigmund
  2351 | D:3      | Killed Sigmund
  2351 | D:3      | Reached skill level 7 in Unarmed Combat
  2351 | D:3      | Reached XP level 6. HP: 37/39 MP: 6/6
  2395 | D:3      | Noticed Natasha
  2407 | D:3      | Killed Natasha
  2577 | D:3      | Noticed Natasha
  2582 | D:3      | Killed Natasha
  2585 | D:3      | HP: 19/39 [bat (1)]
  2811 | D:3      | Reached skill level 1 in Stealth
  2815 | D:3      | Reached XP level 7. HP: 40/45 MP: 7/7
  3233 | D:3      | Noticed Ijyb
  3243 | D:3      | Killed Ijyb
  3423 | D:4      | Reached skill level 2 in Stealth
  3577 | D:4      | Found Iwuig's General Store.
  3591 | D:4      | Found Lerch's Armour Shoppe.
  3715 | D:4      | Reached skill level 3 in Stealth
  3796 | D:4      | Found Dieczeun's Gadget Shoppe.
  3954 | D:4      | Reached skill level 8 in Unarmed Combat
  4120 | D:4      | HP: 21/45 [wight/dagger of protection (5)]
  4122 | D:4      | Reached skill level 4 in Stealth
  4137 | D:5      | Entered Level 5 of the Dungeon
  4600 | D:5      | Reached skill level 5 in Stealth
  5197 | D:5      | Reached XP level 8. HP: 45/50 MP: 8/8
  5360 | D:5      | Found a staircase to the Ecumenical Temple.
  5369 | Temple   | Entered the Ecumenical Temple
  5390 | Temple   | Became a worshipper of Cheibriados the Contemplative
  5562 | D:6      | Reached skill level 6 in Stealth
  5845 | D:6      | Found a sparkling altar of Nemelex Xobeh.
  6036 | D:6      | Reached skill level 9 in Unarmed Combat
  6192 | D:6      | Found a burning altar of Makhleb.
  6197 | D:6      | Reached * piety under Cheibriados
  6291 | D:6      | Reached skill level 7 in Stealth
  6644 | D:6      | Found a shadowy altar of Dithmenos.
  6705 | D:6      | Reached skill level 8 in Stealth
  7080 | D:7      | HP: 21/50 [ice beast (14)]
  7085 | D:7      | HP: 20/50 [ice beast (2)]
  7086 | D:7      | Slain by an ice beast

Vanquished Creatures
  Sigmund (D:3)
  An ice beast (D:4)
  An ogre (D:5)
  2 centaurs (D:6)
  A bullfrog (D:6)
  A scorpion (D:6)
  3 wights
  A howler monkey (D:5)
  2 crimson imps (D:6)
  A bullfrog zombie (D:7)
  A hound (D:6)
  2 orc priests
  A centaur skeleton (D:3)
  An iguana (D:6)
  Ijyb (D:3)
  Natasha (thrice) (D:3)
  Terence (D:2)
  4 worker ants
  2 hound zombies
  A hound skeleton (D:6)
  Robin (D:2)
  4 gnolls
  A howler monkey skeleton (D:4)
  4 adders
  An adder skeleton (D:4)
  4 dart slugs
  4 leopard geckos
  7 orcs
  12 giant cockroaches
  16 goblins
  7 hobgoblins
  2 jackals (D:4)
  5 kobolds
  6 quokkas
  3 ball pythons
  7 bats
  4 frilled lizards
  A giant cockroach zombie (D:6)
  A quokka skeleton (D:4)
  5 rats
126 creatures vanquished.
